 Dungeon Crawl Stone Soup version 0.22.1-1-ga44c0e56f4 (webtiles) character file.

755 LLavrengius the Skirmisher (level 7, 0/58 HPs)
             Began as a Barachi Summoner on Sept 22, 2018.
             Slain by a centaur (6 damage)
             ... on level 5 of the Dungeon.
             The game lasted 00:34:36 (6946 turns).

LLavrengius the Skirmisher (Barachi Summoner)       Turns: 6946, Time: 00:34:37

Health: 0/58       AC:  3    Str: 11    XL:     7   Next: 79%
Magic:  14/14      EV: 13    Int: 18    God:
Gold:   217        SH:  0    Dex: 13    Spells: 3/16 levels left

rFire    . . .     SeeInvis .   w - +0 falchion
rCold    . . .     Gourm    .   (no shield)
rNeg     . . .     Faith    .   a - +1 robe
rPois    .         Spirit   .   (no helmet)
rElec    .         Reflect  .   (no cloak)
rCorr    +         Harm     .   (no gloves)
MR       .....                  (no boots)
Stlth    ++........             (no amulet)
HPRegen  0.19/turn              m - +3 ring of intelligence
MPRegen  0.14/turn              l - ring of resist corrosion

@: slow
A: +LOS, swims, slowness 1, strong legs 1
a: Hop


You were on level 5 of the Dungeon.
You were not hungry.

You visited 1 branch of the dungeon, and saw 5 of its levels.

You collected 217 gold pieces.

Inventory:

Hand Weapons
 w - a +0 falchion (weapon)
Missiles
 h - 99 stones (quivered)
 k - 51 bolts
 n - 19 poisoned needles
Armour
 a - a +1 robe (worn)
 t - a +0 scale mail
Jewellery
 d - an uncursed amulet of regeneration {unknown}
 l - a ring of resist corrosion (right hand)
 m - a +3 ring of intelligence (left hand)
 p - an uncursed amulet of harm {unknown}
 q - an uncursed amulet of the gourmand {unknown}
Wands
 x - a wand of iceblast (9)
Scrolls
 g - 2 scrolls of magic mapping {unknown}
 o - 3 scrolls of remove curse
 s - 2 scrolls of teleportation
 y - a scroll of identify
 B - a scroll of fog {unknown}
Potions
 b - a potion of haste {unknown}
 c - a potion of cancellation {unknown}
 e - 4 potions of lignification
 f - 3 potions of curing {unknown}
 i - a potion of degeneration {unknown}
 j - a potion of might {unknown}
 r - a potion of heal wounds {unknown}
 u - a potion of mutation {unknown}
 v - 2 potions of agility {unknown}
 z - a potion of flight {unknown}
Comestibles
 A - a ration


   Skills:
 + Level 6.0 Fighting
 - Level 3.0 Dodging
 - Level 1.7 Stealth
 - Level 5.0 Spellcasting
 - Level 5.0 Summonings
 * Level 4.6 Ice Magic


You had 3 spell levels left.
You knew the following spells:

 Your Spells              Type           Power        Failure   Level  Hunger
a - Summon Lightning Spi  Summ/Air       ##......     43%         4    ####...
b - Call Imp              Summ           ###.....     2%          2    #......
c - Call Canine Familiar  Summ           ###.....     4%          3    ##.....
d - Summon Ice Beast      Ice/Summ       ###.....     19%         4    ####...

Your spell library contained the following spells:

 Spells                   Type           Power        Failure   Level  Hunger
 Summon Small Mammal      Summ           ###.         1%          1    None
 Summon Guardian Golem    Hex/Summ       ##......     14%         3    ##.....


Dungeon Overview and Level Annotations

Branches:
Dungeon (5/15)
 Temple: D:4-7

Altars:
Makhleb
Okawaru


Innate Abilities, Weirdness & Mutations

Shadows flee at your approach. (+LOS)
You can swim through water.
You cover ground slowly.
You can hop short distances.


Message History

The centaur barely misses you.
You riposte.
You hit the centaur.
The centaur is heavily wounded.
You hit the centaur.
The centaur is heavily wounded.
The centaur hits you!
* * * LOW HITPOINT WARNING * * *
The centaur hits you.
* * * LOW HITPOINT WARNING * * *
You hit the centaur.
The centaur is severely wounded.
The centaur barely misses you.
You riposte.
You hit the centaur.
The centaur is almost dead.
The centaur hits you.
* * * LOW HITPOINT WARNING * * *
You hit the centaur.
The centaur is almost dead.
The centaur hits you.
* * * LOW HITPOINT WARNING * * *
The centaur hits you.
You die...

### #.#
..#####.#
..#.....#
........#
........#
......#.#
##.####.# #
#.#
#.##########.#
#.#
#.......((@cW#
#.#
##############
##.# ...#
...##########
............#
###########.#
#.# #.#


You could see a phantom and a centaur.

Vanquished Creatures
  2 centaurs (D:5)
  A howler monkey (D:4)
  A bullfrog zombie (D:5)
  A worker ant (D:5)
  A worker ant zombie (D:5)
  An adder (D:5)
  A worm (D:5)
  2 dart slugs (D:4)
  4 leopard geckos
  2 orcs
  5 giant cockroaches
  3 goblins
  7 hobgoblins
  2 jackals (D:5)
  4 bats
  2 frilled lizards
  2 jackal skeletons
  7 kobolds
  A leopard gecko skeleton (D:4)
  A leopard gecko zombie (D:5)
  2 quokka skeletons (D:4)
  9 rats
61 creatures vanquished.

Vanquished Creatures (collateral kills)
  The ghost of Hanswurst the Magician, an amateur HOWn (D:3)
  2 sky beasts
  An ice beast (D:5)
  An ogre (D:5)
  A crimson imp (D:5)
  2 hounds
  An orc priest (D:2)
  2 orc wizards
  A worker ant (D:5)
  A hound skeleton (D:4)
  4 adders
  A worm (D:2)
  A dart slug (D:4)
  4 leopard geckos
  7 orcs
  2 giant cockroaches (D:3)
  A goblin (D:1)
  4 hobgoblins
  2 jackals (D:1)
  A quokka (D:5)
  2 bats (D:3)
  9 kobolds
  A rat (D:3)
52 creatures vanquished.

Vanquished Creatures (others)
  A plant (D:3)
1 creature vanquished.

Grand Total: 114 creatures vanquished

Notes
Turn   | Place    | Note
-------+----------+-------------------------------------------
     0 | D:1      | LLavrengius the Barachi Summoner began the quest for the
                  | Orb.
     0 | D:1      | Reached XP level 1. HP: 13/13 MP: 3/3
   352 | D:1      | Reached skill level 5 in Summonings
   352 | D:1      | Reached XP level 2. HP: 19/20 MP: 3/5
   356 | D:1      | Learned a level 2 spell: Call Imp
   782 | D:1      | Reached skill level 1 in Fighting
  1359 | D:2      | Found an iron altar of Okawaru.
  1666 | D:2      | Reached XP level 3. HP: 26/26 MP: 3/6
  1674 | D:2      | Learned a level 3 spell: Call Canine Familiar
  2435 | D:3      | Reached skill level 2 in Fighting
  2441 | D:2      | Reached XP level 4. HP: 14/34 MP: 0/8
  3249 | D:3      | Found a runed door.
  3261 | D:3      | Noticed Hanswurst's ghost (amateur HOWn)
  3301 | D:3      | Killed Hanswurst's ghost
  3301 | D:3      | Reached skill level 4 in Fighting
  3301 | D:3      | Reached XP level 5. HP: 23/42 MP: 0/11
  3517 | D:3      | Reached XP level 6. HP: 48/48 MP: 5/12
  4275 | D:4      | Noticed a sky beast
  4298 | D:4      | Killed a sky beast
  4298 | D:4      | Reached skill level 5 in Fighting
  4387 | D:4      | Learned a level 4 spell: Summon Lightning Spire
  4392 | D:4      | Learned a level 4 spell: Summon Ice Beast
  4819 | D:4      | Found a burning altar of Makhleb.
  5044 | D:5      | Entered Level 5 of the Dungeon
  5063 | D:5      | Reached skill level 1 in Ice Magic
  5177 | D:5      | Noticed a sky beast
  5218 | D:5      | Reached skill level 5 in Spellcasting
  5218 | D:5      | Reached XP level 7. HP: 8/56 MP: 2/14
  5554 | D:5      | Noticed a spatial vortex
  6428 | D:5      | Reached skill level 6 in Fighting
  6946 | D:5      | Slain by a centaur

Skill      XL: |  1  2  3  4  5  6  7 |
---------------+----------------------+-----
Summonings     | 5 |  5.0
Fighting       | 1 2 4 5 6 |  6.0
Dodging        | 3 |  3.0
Spellcasting   | 3 4 5 |  5.0
Ice Magic      | 1 4 |  4.6
Stealth        | |  1.7

Action                   |  1- 3 |  4- 6 |  7- 9 || total
-------------------------+-------+-------+-------++-------
Melee: Whip              |    96 |   132 |       ||   228
       Falchion          |       |    29 |   104 ||   133
 Cast: Summon Small Mamm |    22 |    10 |       ||    32
       Call Imp          |    11 |    21 |    10 ||    42
       Call Canine Famil |       |    15 |     6 ||    21
       Summon Ice Beast  |       |       |     3 ||     3
 Abil: Hop               |     2 |     1 |     2 ||     5
  Use: Scroll            |       |     6 |       ||     6
 Stab: Sleeping          |     7 |     1 |     1 ||     9
       Distracted        |       |     2 |       ||     2
  Eat: Chunk             |     4 |     8 |     3 ||    15
       Ration            |     1 |     1 |     1 ||     3
Armor: Robe              |    18 |    18 |    19 ||    55
Dodge: Dodged            |    54 |   126 |    86 ||   266
       Rpst.: Falchion   |       |    15 |    23 ||    38
